[Event "35th Roquetas Festival 2024"]
[Site "Roquetas de Mar"]
[Date "2024.01.02"]
[Round "1.10"]
[White "Alvarez Morales, Miguel"]
[Black "Camacho Collados, Marcos"]
[Result "0-1"]
[ECO "E00"]
[WhiteElo "2043"]
[BlackElo "2466"]
[Annotator "TA"]
[PlyCount "90"]
[EventDate "2024.01.02"]
[EventType "swiss"]
[EventCountry "ESP"]
[SourceTitle "playchess.com"]
[Source "ChessBase"]
[SourceQuality "1"]
[TimeControl "5400+30"]

1. d4 Nf6 2. c4 e6 3. a3 d5 4. Nf3 dxc4 5. Qa4+ Nbd7 6. Nc3 {[%emt 0:02:39] D30: Queen's Gambit Declined: Systems without Nc3.} a6 {[%emt 0:06:16] [#]} 7. Bg5 $146 ({Predecessor:} 7. Qxc4 b5 8. Qd3 c5 9. e3 Bb7 10. Be2 c4 11. Qd2 Qa5 12. Nb1 Qb6 13. Nc3 {0-1 Clemente Espinola,B-Frutos Moreno,C (1667) Coronel Oviedo Friedmann Cup 2023 (1)}) 7... Be7 8. Qxc4 {[%emt 0:00:19] Black is slightly better.} b5 9. Qd3 c5 10. e3 Bb7 11. Be2 Rc8 12. O-O O-O 13. Rad1 b4 14. axb4 cxb4 15. Na4 Be4 16. Qd2 (16. Qxa6 $2 Ra8 17. Qb5 Ra5 $19) 16... Rc2 {[%emt 0:08:47] Wards off Rc1} 17. Qe1 Qa5 {[%emt 0:00:50] Wards off Ne5} (17... Bc6 $5 18. Ra1 Bb5 19. Bxb5 axb5 $15) 18. Bxf6 Nxf6 19. Ra1 {[%emt 0:03:01][%cal Oa4c5] [#] aiming for Nc5!} Qc7 {[%emt 0:01:19] Dodges Nc5} 20. Bd1 {[%emt 0:02:25] Repels b3} Rc1 $36 {[%emt 0:10:25][%mdl 2048] Black has the initiative.} 21. Rxc1 Qxc1 22. Qe2 Qc8 {[%emt 0:05:27] Prevents Nc5} 23. Nd2 Bc6 24. Nc4 Bb5 {[%emt 0:01:35] A strong pair of Bishops.} (24... Qa8 {simplifies} 25. f3 Bb5 26. b3 Bxa4 27. bxa4 Nd5) 25. Bb3 Qc6 26. Ra1 Rc8 {[%emt 0:00:37][%cal Rb5c4] Black is more active.} 27. Nab6 Rb8 (27... Rc7 $5 28. Qf3 Bd8 $15) 28. Na4 Nd7 {[%emt 0:06:52] Threatens to win with ...Rc8.} 29. Qf3 Qc8 30. Nd2 Rb7 31. h4 Rc7 32. Ne4 (32. g3 $11 {keeps the balance.}) 32... Rc1+ $17 33. Rxc1 Qxc1+ 34. Kh2 Qc6 ({Resist} 34... Bxh4 35. Nd6 Bf6 36. Nc5 $16) 35. Ng5 {[%emt 0:04:09] [#]} (35. Nac5 $17) 35... Bxg5 $1 $19 (35... Bxa4 {leads to mate.} 36. Qxf7+ (36. Nxf7 $2 {too greedy.} Qxf3 37. gxf3 Bxb3 $19) 36... Kh8 37. Qxe7 Qc8 38. Nf7+ Kg8 39. Nd8 Qc7+ 40. g3) 36. Qxc6 Bxc6 37. hxg5 {[%emt 0:00:03][%mdl 4096] Endgame KBN-KBN} a5 38. Nc5 Nxc5 39. dxc5 {[%emt 0:00:01] KB-KB} a4 40. Bc2 a3 41. bxa3 (41. Bb1) 41... bxa3 {[%emt 0:00:03][%cal Bb4a3,Ba3a2][%mdl 32] Hoping for ...a2. Black is clearly winning.} 42. Bb1 Kf8 43. f3 Bd5 44. c6 Ke7 {[%emt 0:00:15] And now ...Kd6 would win.} 45. e4 a2 {[%emt 0:00:15] Weighted Error Value: White=0.47/Black=0.17 (very precise)} 0-1

[Event "35th Roquetas Festival 2024"]
[Site "Roquetas de Mar"]
[Date "2024.01.02"]
[Round "1.11"]
[White "Macias Pino, Diego"]
[Black "Arce Gonzalez, Dario"]
[Result "1-0"]
[ECO "B12"]
[WhiteElo "2456"]
[BlackElo "2037"]
[Annotator "RC"]
[PlyCount "53"]
[EventDate "2024.01.02"]
[EventType "swiss"]
[EventCountry "ESP"]
[SourceTitle "playchess.com"]
[Source "ChessBase"]
[SourceQuality "1"]
[TimeControl "5400+30"]

1. e4 c6 2. d4 d5 3. e5 c5 4. Nf3 cxd4 5. Qxd4 Nc6 6. Qf4 e6 7. Bd3 Nb4 8. Nc3 Nxd3+ 9. cxd3 f5 10. Bd2 Bd7 11. Qg3 Qb6 12. O-O Ne7 13. Ne2 h6 14. b4 O-O-O 15. a4 Kb8 16. a5 Qa6 17. Nfd4 g5 18. Rfb1 f4 19. Qh3 g4 20. Qxg4 Qxd3 21. Bxf4 Rg8 22. Qh4 Qg6 23. Bg3 Rc8 24. Nf4 Qf7 25. Qf6 Qh7 26. Nfxe6 Rg6 27. Nxf8 1-0

[Event "35th Roquetas Festival 2024"]
[Site "Roquetas de Mar"]
[Date "2024.01.02"]
[Round "1.12"]
[White "Van Hoolandt, Patrick"]
[Black "Espinosa Aranda, Angel"]
[Result "0-1"]
[ECO "A40"]
[WhiteElo "2028"]
[BlackElo "2431"]
[Annotator "RC"]
[PlyCount "81"]
[EventDate "2024.01.02"]
[EventType "swiss"]
[EventCountry "ESP"]
[SourceTitle "playchess.com"]
[Source "ChessBase"]
[SourceQuality "1"]
[TimeControl "5400+30"]

1. d4 e6 2. c4 b6 3. Nf3 Bb7 4. Nc3 Bb4 5. Bg5 Nf6 6. e3 h6 7. Bh4 g5 8. Bg3 Ne4 9. Qc2 Bxc3+ 10. bxc3 d6 11. Bd3 Nxg3 12. hxg3 Nd7 13. Be4 Bxe4 14. Qxe4 Nf6 15. Qc6+ Ke7 16. Ke2 Qd7 17. Qxd7+ Nxd7 18. a4 a5 19. Rab1 f5 20. Nd2 Kf6 21. e4 Kg6 22. Rb5 Rae8 23. Kd3 Rhf8 24. f3 e5 25. exf5+ Rxf5 26. g4 Rff8 27. Ne4 c6 28. Rbb1 d5 29. cxd5 cxd5 30. Ng3 e4+ 31. fxe4 dxe4+ 32. Nxe4 Rf4 33. Rhe1 Rxg4 34. g3 Re6 35. Re3 h5 36. Rb5 Nf6 37. Nxf6 Rxf6 38. Rbe5 h4 39. gxh4 gxh4 40. Re8 Kf5 41. Rh8 0-1

[Event "35th Roquetas Festival 2024"]
[Site "Roquetas de Mar"]
[Date "2024.01.02"]
[Round "1.13"]
[White "Merario Alarcon, Andres"]
[Black "Koellner, Christof"]
[Result "1-0"]
[ECO "D35"]
[WhiteElo "2429"]
[BlackElo "2023"]
[Annotator "RC"]
[PlyCount "107"]
[EventDate "2024.01.02"]
[EventType "swiss"]
[EventCountry "ESP"]
[SourceTitle "playchess.com"]
[Source "ChessBase"]
[SourceQuality "1"]
[TimeControl "5400+30"]

1. d4 d5 2. c4 e6 3. Nc3 Nf6 4. cxd5 exd5 5. Bg5 c6 6. e3 Be7 7. Bd3 Nbd7 8. h3 Nf8 9. Nf3 Nh5 10. Bxe7 Qxe7 11. Ne5 g6 12. O-O f6 13. Nf3 f5 14. Rb1 Nf6 15. b4 Ne6 16. b5 c5 17. dxc5 Nxc5 18. b6 Nxd3 19. Qxd3 Be6 20. Qb5+ Kf7 21. bxa7 Rxa7 22. Qb6 Ra6 23. Ng5+ Kg7 24. Qxb7 Qxb7 25. Rxb7+ Kh6 26. h4 Rc8 27. Nb5 Bg8 28. a3 Kh5 29. Nf3 Ne4 30. g3 Rc2 31. Nfd4 Rb2 32. Rb8 Nf6 33. Rc1 Be6 34. Nc7 Rxb8 35. Nxa6 Rb6 36. Nc5 Bc8 37. a4 Ng4 38. a5 Rf6 39. Nd3 Ba6 40. Nf4+ Kh6 41. Nxd5 Rd6 42. Nb4 Ne5 43. Rc5 Nd3 44. Rc6 Rxc6 45. Ndxc6 Nc5 46. Nxa6 Nxa6 47. Kf1 g5 48. hxg5+ Kxg5 49. Ke2 Kg4 50. Nd4 Nc5 51. Kd2 h5 52. Kc3 Ne4+ 53. Kb4 Nxf2 54. a6 1-0

[Event "35th Roquetas Festival 2024"]
[Site "Roquetas de Mar"]
[Date "2024.01.02"]
[Round "1.14"]
[White "Nieto Asencio, Maria del Carmen"]
[Black "Huerga Leache, Mikel"]
[Result "0-1"]
[ECO "A46"]
[WhiteElo "2023"]
[BlackElo "2424"]
[Annotator "RC"]
[PlyCount "94"]
[EventDate "2024.01.02"]
[EventType "swiss"]
[EventCountry "ESP"]
[SourceTitle "playchess.com"]
[Source "ChessBase"]
[SourceQuality "1"]
[TimeControl "5400+30"]

1. d4 Nf6 2. Nf3 e6 3. e3 c5 4. Bd3 b6 5. O-O Bb7 6. b3 Be7 7. Bb2 O-O 8. Nbd2 Nc6 9. a3 Re8 10. c4 cxd4 11. exd4 d5 12. Re1 Rc8 13. Rc1 Bf8 14. Ne5 dxc4 15. Nxc6 Bxc6 16. bxc4 g6 17. Nf3 Bg7 18. Ne5 Ba8 19. Be2 Nd7 20. f4 Bh6 21. g3 Nxe5 22. dxe5 Qc7 23. Bf3 Qc5+ 24. Kg2 Red8 25. Qe2 Bxf3+ 26. Qxf3 Rd2+ 27. Re2 Rcd8 28. Rc2 Rd1 29. Qe3 Qc6+ 30. Qe4 Qc7 31. Rc1 R1d3 32. Re3 Rd2+ 33. Re2 Bf8 34. Rc2 R2d3 35. Re3 Rd1 36. Re1 R1d7 37. Kh3 Bc5 38. a4 Rd3 39. Ree2 Qd7 40. a5 bxa5 41. Rc3 a4 42. Rxd3 Qxd3 43. Qxd3 Rxd3 44. Rc2 a3 45. Bc1 Kf8 46. Kg2 Ke8 47. h3 Rd1 0-1

[Event "35th Roquetas Festival 2024"]
[Site "Roquetas de Mar"]
[Date "2024.01.02"]
[Round "1.17"]
[White "Fiorito, Joaquin"]
[Black "Portero Rubio, Martin"]
[Result "1-0"]
[ECO "E46"]
[WhiteElo "2401"]
[BlackElo "1993"]
[Annotator "RC"]
[PlyCount "100"]
[EventDate "2024.01.02"]
[EventType "swiss"]
[EventCountry "ESP"]
[SourceTitle "playchess.com"]
[Source "ChessBase"]
[SourceQuality "1"]
[TimeControl "5400+30"]

1. d4 Nf6 2. c4 e6 3. Nc3 Bb4 4. e3 O-O 5. Bd2 b6 6. Nf3 Bb7 7. Bd3 c5 8. a3 Bxc3 9. Bxc3 cxd4 10. exd4 d5 11. b3 a5 12. O-O a4 13. Bb4 Re8 14. bxa4 Bc6 15. c5 Bxa4 16. Qe2 Nbd7 17. cxb6 Nxb6 18. Ne5 Nbd7 19. Rfc1 Rc8 20. Qe3 Qb6 21. Bc5 Nxc5 22. dxc5 Qa5 23. c6 Red8 24. Qd4 Ne4 25. Bxe4 dxe4 26. Qxe4 Rd5 27. Nc4 Qb5 28. Ne3 Re5 29. Qd4 h6 30. c7 Qa5 31. Rab1 Kh7 32. Nc4 Rd5 33. Qe4+ f5 34. Qxe6 Bd7 35. Qxd7 Rxd7 36. Nxa5 Rdxc7 37. Rxc7 Rxc7 38. g3 Ra7 39. Rb5 Kg6 40. Nc4 Rc7 41. Ne5+ Kf6 42. a4 f4 43. Ng4+ Ke6 44. gxf4 Rc4 45. a5 Rxf4 46. Ne3 Ra4 47. Rb6+ Ke5 48. a6 Kf4 49. Rb4+ Rxb4 50. Nd5+ Ke5 1-0

[Event "35th Roquetas Festival 2024"]
[Site "Roquetas de Mar"]
[Date "2024.01.02"]
[Round "1.18"]
[White "Lopez Nunez, Alonso"]
[Black "Tejedor Fuente, Enrique"]
[Result "0-1"]
[ECO "B20"]
[WhiteElo "1989"]
[BlackElo "2395"]
[Annotator "RC"]
[PlyCount "96"]
[EventDate "2024.01.02"]
[EventType "swiss"]
[EventCountry "ESP"]
[SourceTitle "playchess.com"]
[Source "ChessBase"]
[SourceQuality "1"]
[TimeControl "5400+30"]

1. e4 c5 2. Be2 Nc6 3. f4 d6 4. Nf3 Bg4 5. O-O g6 6. d3 Bxf3 7. Bxf3 Bg7 8. c3 Nf6 9. Be3 Nd7 10. Na3 O-O 11. Nc2 Rc8 12. Be2 b5 13. d4 Rb8 14. Qe1 Na5 15. Rd1 Nc4 16. Bc1 Qa5 17. a3 Qa4 18. Ne3 cxd4 19. cxd4 Nxe3 20. Bxe3 Nf6 21. e5 Nd5 22. Bf3 Qb3 23. Bc1 e6 24. Be4 b4 25. Rf3 Qa2 26. Qh4 f5 27. exf6 Nxf6 28. Bc2 bxa3 29. Rxa3 Qc4 30. Rc3 Qd5 31. Qg5 Qxg5 32. fxg5 Nd5 33. Rc4 Nb4 34. Ba4 Rf7 35. Bd2 Nd5 36. b3 Nb6 37. Rb4 a5 38. Rxb6 Bxd4+ 39. Kh1 Bxb6 40. Bc3 Rbf8 41. Bf6 Bc5 42. g3 h6 43. h4 Rxf6 44. gxf6 Rxf6 45. Bb5 Rf3 46. Bc4 d5 47. Rxd5 exd5 48. Bxd5+ Rf7 0-1

[Event "35th Roquetas Festival 2024"]
[Site "Roquetas de Mar"]
[Date "2024.01.02"]
[Round "1.20"]
[White "Collado Alcolado, Angel"]
[Black "Camacho Collados, Jose"]
[Result "0-1"]
[ECO "C47"]
[WhiteElo "1977"]
[BlackElo "2381"]
[Annotator "RC"]
[PlyCount "56"]
[EventDate "2024.01.02"]
[EventType "swiss"]
[EventCountry "ESP"]
[SourceTitle "playchess.com"]
[Source "ChessBase"]
[SourceQuality "1"]
[TimeControl "5400+30"]

1. e4 e5 2. Nf3 Nc6 3. Nc3 Nf6 4. a3 d5 5. Bb5 Nxe4 6. Qe2 Qd6 7. Nxd5 Qxd5 8. Bc4 Qd6 9. Qxe4 Qg6 10. Qxg6 hxg6 11. O-O f6 12. Re1 Bg4 13. Bd5 O-O-O 14. Bxc6 bxc6 15. Re3 Bc5 16. Rc3 Rd5 17. h3 Bxf3 18. Rxf3 e4 19. Rg3 Rf5 20. Rxg6 Rxf2 21. b4 Bb6 22. Kh2 Bd4 23. c3 e3 24. dxe3 Bxc3 25. Kg1 Rc2 26. Rb1 Rd8 27. Rxg7 Rd1+ 28. Kh2 Be5+ 0-1

[Event "35th Roquetas Festival 2024"]
[Site "Roquetas de Mar"]
[Date "2024.01.02"]
[Round "1.21"]
[White "Bernal Moro, Luis Javier"]
[Black "Buijs Martin, Urtzi"]
[Result "1-0"]
[ECO "A14"]
[WhiteElo "2370"]
[BlackElo "1965"]
[Annotator "RC"]
[PlyCount "59"]
[EventDate "2024.01.02"]
[EventType "swiss"]
[EventCountry "ESP"]
[SourceTitle "playchess.com"]
[Source "ChessBase"]
[SourceQuality "1"]
[TimeControl "5400+30"]

1. c4 e6 2. g3 d5 3. Bg2 Nf6 4. Nf3 Be7 5. O-O O-O 6. b3 c5 7. Bb2 Nc6 8. e3 dxc4 9. bxc4 Qb6 10. Qc1 Nb4 11. Ne1 e5 12. a3 Nc6 13. d3 Rd8 14. Nc3 Qc7 15. Nd5 Nxd5 16. cxd5 Na5 17. Qc3 Bf6 18. e4 b6 19. f4 Re8 20. Nf3 Bg4 21. fxe5 Bxf3 22. exf6 Bxg2 23. Kxg2 Qd6 24. fxg7 c4 25. Rf6 Qc5 26. Raf1 cxd3 27. Qxd3 Nc4 28. Bd4 Qb5 29. Rxf7 Rad8 30. Qf3 1-0

[Event "35th Roquetas Festival 2024"]
[Site "Roquetas de Mar"]
[Date "2024.01.02"]
[Round "1.22"]
[White "Feal Albala, Alonso"]
[Black "Fiorito, Francisco"]
[Result "0-1"]
[ECO "B34"]
[WhiteElo "1962"]
[BlackElo "2370"]
[Annotator "RC"]
[PlyCount "74"]
[EventDate "2024.01.02"]
[EventType "swiss"]
[EventCountry "ESP"]
[SourceTitle "playchess.com"]
[Source "ChessBase"]
[SourceQuality "1"]
[TimeControl "5400+30"]

1. e4 c5 2. Nf3 Nc6 3. d4 cxd4 4. Nxd4 g6 5. Nc3 Bg7 6. Nb3 Nf6 7. Be2 O-O 8. O-O d6 9. Re1 Be6 10. Bf1 Rc8 11. Nd5 a5 12. c3 a4 13. Nd4 Bxd5 14. exd5 Nxd4 15. Qxd4 Qa5 16. Rd1 Rc5 17. Qb4 Rxd5 18. Be3 Rc8 19. Qxb7 Qc7 20. Qb4 Rb8 21. Qxa4 Rxd1 22. Qxd1 Rxb2 23. Qf3 Qa5 24. a4 h5 25. Qc6 Ng4 26. Qe8+ Bf8 27. Bd4 e5 28. Be3 Nxe3 29. fxe3 Qxc3 30. a5 h4 31. h3 d5 32. a6 Kg7 33. a7 Qxe3+ 34. Kh1 Bc5 35. Bc4 Rxg2 36. Qxf7+ Kxf7 37. Bxd5+ Kg7 0-1

[Event "35th Roquetas Festival 2024"]
[Site "Roquetas de Mar"]
[Date "2024.01.02"]
[Round "1.23"]
[White "Habans Aguerrea, Javier"]
[Black "Villar Piriz, Adrian"]
[Result "1-0"]
[ECO "A10"]
[WhiteElo "2368"]
[BlackElo "1962"]
[Annotator "RC"]
[PlyCount "61"]
[EventDate "2024.01.02"]
[EventType "swiss"]
[EventCountry "ESP"]
[SourceTitle "playchess.com"]
[Source "ChessBase"]
[SourceQuality "1"]
[TimeControl "5400+30"]

1. c4 b6 2. Nf3 Bb7 3. g3 Nf6 4. Bg2 e6 5. O-O Be7 6. d4 d5 7. Nc3 O-O 8. Ne5 Nbd7 9. Qa4 c5 10. Nxd7 Nxd7 11. cxd5 cxd4 12. Qxd4 Bf6 13. Qe3 exd5 14. Nxd5 Bxd5 15. Bxd5 Re8 16. Qa3 Rc8 17. Be3 Nc5 18. Rfd1 Qe7 19. Rac1 a5 20. Rc2 Qe5 21. Rcd2 Be7 22. Bf4 Qf6 23. Qf3 Na4 24. Qb3 Nc5 25. Qb5 h5 26. Bc7 Rf8 27. Qxb6 Na4 28. Qxa5 Nxb2 29. Be5 Rc5 30. Bxf6 Rxa5 31. Bxb2 1-0

[Event "35th Roquetas Festival 2024"]
[Site "Roquetas de Mar"]
[Date "2024.01.02"]
[Round "1.24"]
[White "Brylski, Pawel"]
[Black "Garcia Fernandez, Victor"]
[Result "1-0"]
[ECO "B59"]
[WhiteElo "1956"]
[BlackElo "2366"]
[Annotator "RC"]
[PlyCount "119"]
[EventDate "2024.01.02"]
[EventType "swiss"]
[EventCountry "ESP"]
[SourceTitle "playchess.com"]
[Source "ChessBase"]
[SourceQuality "1"]
[TimeControl "5400+30"]

1. e4 c5 2. Nf3 Nc6 3. d4 cxd4 4. Nxd4 Nf6 5. Nc3 d6 6. Be2 e5 7. Nb3 Be7 8. Bg5 O-O 9. Bxf6 Bxf6 10. Nd5 Bg5 11. h4 Bh6 12. g4 Bf4 13. Nxf4 exf4 14. Qd2 Qf6 15. O-O-O Rd8 16. Rh3 Ne5 17. f3 a5 18. Nd4 Be6 19. Nf5 Bxa2 20. Qxf4 a4 21. Qe3 a3 22. bxa3 d5 23. g5 Qe6 24. Qd4 g6 25. Nh6+ Kf8 26. Rhh1 Nc6 27. Qc5+ Ne7 28. Qd4 Nc6 29. Qc5+ Ne7 30. Qd4 Ng8 31. Qb4+ Qe7 32. Nxg8 Qxb4 33. axb4 Kxg8 34. Kb2 d4 35. Ra1 Be6 36. Rhd1 Rac8 37. Ra5 Kf8 38. f4 Rc7 39. f5 Bc8 40. h5 Re7 41. hxg6 hxg6 42. Bd3 Rc7 43. Rf1 Kg7 44. Rf4 Rd6 45. f6+ Kf8 46. Rd5 Rcd7 47. Rc5 Rd8 48. e5 Re6 49. Rh4 Kg8 50. Rc7 Rc6 51. Re7 Re6 52. Rc7 Rc6 53. Re7 Re6 54. Bc4 Rxe7 55. fxe7 Re8 56. Rxd4 Kg7 57. Rd8 Rxe7 58. Rxc8 Rxe5 59. Rc7 Re4 60. Kb3 1-0

[Event "35th Roquetas Festival 2024"]
[Site "Roquetas de Mar"]
[Date "2024.01.02"]
[Round "1.25"]
[White "Suarez Uriel, Adrian"]
[Black "Kumar, Sanjit S"]
[Result "1-0"]
[ECO "C02"]
[WhiteElo "2365"]
[BlackElo "1952"]
[Annotator "RC"]
[PlyCount "103"]
[EventDate "2024.01.02"]
[EventType "swiss"]
[EventCountry "ESP"]
[SourceTitle "playchess.com"]
[Source "ChessBase"]
[SourceQuality "1"]
[TimeControl "5400+30"]

1. e4 e6 2. d4 d5 3. e5 c5 4. c3 Nc6 5. Nf3 Qb6 6. a3 c4 7. Nbd2 Na5 8. h4 h6 9. h5 Bd7 10. Rb1 Qc7 11. Be2 Ne7 12. O-O Nc8 13. Ne1 Nb6 14. f4 O-O-O 15. Nc2 g6 16. Bg4 Be7 17. Nf3 Rhg8 18. Be3 Rg7 19. Bf2 Rdg8 20. Ne3 Kb8 21. Bh4 Bxh4 22. Nxh4 Nc8 23. Bh3 Qd8 24. Nf3 Ne7 25. Ng4 Nf5 26. Qe1 Rh8 27. Nf6 Ne7 28. Nh2 Ng8 29. Nhg4 Nb3 30. Rd1 Ne7 31. Ne3 Bc8 32. Rf3 Ng8 33. Qg3 Ka8 34. f5 Ne7 35. fxg6 fxg6 36. Rf4 g5 37. Rf3 a6 38. Qf2 b5 39. g3 Ka7 40. Rf1 Rf7 41. Qc2 Rhf8 42. R3f2 Ka8 43. Bg2 Ka7 44. Nfg4 Rxf2 45. Rxf2 Ng8 46. Qh7+ Kb8 47. Qg7 Rxf2 48. Kxf2 Bd7 49. Nxh6 Nxh6 50. Qxh6 Be8 51. Qxe6 Bxh5 52. Nxd5 1-0

[Event "35th Roquetas Festival 2024"]
[Site "Roquetas de Mar"]
[Date "2024.01.02"]
[Round "1.26"]
[White "Avila Fraire, Ameyalli"]
[Black "Macak, Stefan"]
[Result "0-1"]
[ECO "B40"]
[WhiteElo "1946"]
[BlackElo "2354"]
[Annotator "RC"]
[PlyCount "98"]
[EventDate "2024.01.02"]
[EventType "swiss"]
[EventCountry "ESP"]
[SourceTitle "playchess.com"]
[Source "ChessBase"]
[SourceQuality "1"]
[TimeControl "5400+30"]

1. e4 c5 2. Nf3 e6 3. g3 Nc6 4. Bg2 Nf6 5. Qe2 e5 6. Nc3 d6 7. Nd5 g6 8. c3 Bg7 9. O-O O-O 10. Ne1 Nxd5 11. exd5 Ne7 12. d3 Nf5 13. Nc2 Rb8 14. Ne3 b5 15. Nxf5 Bxf5 16. Be3 b4 17. c4 Qc7 18. Rad1 Rfe8 19. h3 Qa5 20. b3 Qb6 21. Bc1 a5 22. Bb2 Ra8 23. Rfe1 Bd7 24. Qd2 a4 25. Kh2 axb3 26. axb3 Ra2 27. Ra1 Rea8 28. Rxa2 Rxa2 29. Ra1 Rxa1 30. Bxa1 Qa5 31. Qb2 Bh6 32. f4 f6 33. Be4 Kg7 34. Kg2 Qa3 35. fxe5 fxe5 36. g4 Be3 37. Qe2 Bf4 38. Qb2 Kf6 39. Kf3 Kg5 40. Qb1 Qc1 41. Qxc1 Bxc1 42. Kg3 Bf4+ 43. Kg2 h5 44. gxh5 gxh5 45. Bb2 Kh4 46. Bg6 Bxh3+ 47. Kf3 Bg4+ 48. Ke4 Kg5 49. Be8 h4 0-1

[Event "35th Roquetas Festival 2024"]
[Site "Roquetas de Mar"]
[Date "2024.01.03"]
[Round "2.1"]
[White "Korneev Leskova, Svyatoslav"]
[Black "Grigoryan, Karen H."]
[Result "0-1"]
[ECO "A21"]
[WhiteElo "2248"]
[BlackElo "2643"]
[Annotator "TA"]
[PlyCount "129"]
[EventDate "2024.01.02"]
[EventType "swiss"]
[EventCountry "ESP"]
[SourceTitle "playchess.com"]
[Source "ChessBase"]
[SourceQuality "1"]
[TimeControl "5400+30"]

1. c4 e5 2. Nc3 Bb4 3. g3 Bxc3 4. bxc3 d6 5. Bg2 f5 6. d3 Nf6 7. Nh3 {[%emt 0:01:43] A21: English Opening: 1...e5 2 Nc3.} O-O 8. f4 {[%emt 0:01:27] [#]} Qe7 $146 (8... Nbd7 $11) ({Predecessor:} 8... e4 9. O-O Na6 10. Nf2 Nc5 11. Be3 Re8 12. Bxc5 dxc5 13. Qc2 Qe7 14. Rab1 Rb8 15. dxe4 fxe4 16. Nd1 Qf7 17. Ne3 Be6 18. Qa4 {½-½ Plachetka,J (2440)-Dizdar,G (2525) SVK-CRO Piestany 1996}) 9. O-O (9. fxe5 $14 Qxe5 10. Qc2) 9... e4 $11 10. Qb3 c5 (10... Nc6 $15) 11. a4 Nc6 12. a5 Rb8 13. Nf2 Re8 14. Be3 (14. Nd1 $11) 14... Qc7 15. dxe4 fxe4 16. Qa2 b6 17. axb6 axb6 18. Qc2 (18. f5 $15) 18... Qe7 (18... Na5 $17 19. Nxe4 Rxe4 20. Bxe4 Qe7 21. Bxc5 dxc5 22. Bd5+ Be6) 19. Rfb1 (19. f5 $1 $15) 19... Kh8 (19... Bd7 $17 20. Bc1 Na5) 20. Ra4 (20. Bc1 $15) 20... Qc7 (20... Be6 $17 21. Bh3 (21. Bxe4 $2 Bd7 $19) (21. Nxe4 $2 Bf5 $19) 21... Bxc4) 21. Bh3 (21. Bxe4 $2 Nxe4 22. g4 (22. Nxe4 $2 Bf5 $19) 22... Nxf2 23. Bxf2 Bxg4 $19) (21. Nxe4 $2 Bf5 22. Bf2 Bxe4 $19) (21. Nd1 $1 $15) 21... Bxh3 $17 22. Nxh3 Na5 $1 23. Nf2 Qf7 ({Better is} 23... Qc6 24. g4 Ra8) 24. Qa2 Qe6 25. Rd1 Red8 26. h3 h5 27. Kh2 Kg8 28. Rd2 Kf7 29. Rd1 g6 30. Rd2 Ng8 (30... Re8 $15) 31. Rb2 (31. Nd1 $1 $11) 31... Nh6 (31... Re8 $15) 32. f5 $2 Nxf5 $19 (32... Qxf5 33. Qb1 Nc6 34. Qxe4 Qxe4 35. Nxe4 $14) 33. Bf4 {[%emt 0:00:45] [#]} (33. Bg5 $17 {nothing else works.}) 33... g5 $1 34. Bxg5 Rg8 35. Bf4 {[%emt 0:01:52] [#]} Nxg3 $2 36. Qb1 $1 $11 {[%emt 0:00:34] Rxa5 would be deadly.} (36. Bxg3 $2 Rxg3 37. Kxg3 Rg8+ $19) 36... e3 37. Nd3 Nxc4 $2 (37... Qg6 $1 $11 38. Rxa5 (38. Bxe3 $2 Nf5 $19) 38... bxa5 39. Rxb8 Rxb8 40. Qxb8 Nxe2 41. Qc7+ (41. Qxd6 $2 Qg1#) 41... Ke8 42. Qc8+ (42. Qxd6 $2 Qg1#) 42... Ke7 43. Qc7+ Ke8 44. Qc8+ (44. Qxd6 $2 Qg1#) 44... Ke7 45. Qc7+ Ke8) 38. Rxc4 $18 (38. Bxg3 $6 Qg6 39. Qf1+ (39. Rxc4 $2 Qxg3+ 40. Kh1 Qxh3#) 39... Ke8 40. Rxc4 Qxg3+ 41. Kh1 Rf8) 38... Nxe2 $2 (38... Qxc4 39. Bxg3 (39. Bxd6 Qe4 $11) 39... Rxg3 40. Kxg3 Qe4) 39. Rxe2 Qxc4 40. Bxd6 {[%emt 0:00:28] Intending Ne5+ and mate.} Rbe8 41. Bf4 $2 (41. Qf1+ $18 Ke6 42. Ne5 (42. Rxe3+ $2 {too greedy.} Kxd6 43. Rf3 Qe4 $19)) 41... Rg6 $14 (41... Qxc3 $2 42. Bxe3 Rg6 43. Rc2 $16) 42. Rxe3 (42. Qc2 $1 $14 Kg8 43. Bxe3 (43. Rxe3 Rxe3 44. Bxe3 Qe4 $11)) 42... Rxe3 $11 (42... Qxc3 $2 43. Ne5+ Rxe5 44. Rxc3 $18) 43. Bxe3 {[%emt 0:00:06] Threatens to win with Ne5+.} Qe4 $36 {[%emt 0:00:35][%csl Gg6][%cal Re4g2][%mdl 2048] Wards off Ne5+. Black is pushing.} 44. Qa2+ {[%emt 0:00:48] [#]} (44. Qf1+ $11 {was the only way to keep the balance.} Rf6 45. Qe2) 44... Re6 $1 $17 {[%emt 0:00:20] Chess con chili. Black is more active. White is on the road to losing.} 45. Nf4 {[%emt 0:00:37][%mdl 64] Pin} Qxe3 46. Nxe6 Qxe6 {[%emt 0:00:05][%mdl 4096] Endgame KQ-KQ} 47. Qa7+ (47. Qf2+ $17 Ke7 48. Qh4+ Qf6 49. Qxh5) 47... Kf6 $19 {[%emt 0:00:13] Black is clearly winning.} 48. Qa3 h4 49. Qb2 Qe5+ 50. Kh1 Qe1+ 51. Kh2 Qg3+ {[%emt 0:00:05][%mdl 64] Deflection} 52. Kh1 Qxh3+ 53. Kg1 Qe3+ 54. Kh2 c4 55. Qa3 Ke6 56. Qb2 Qe5+ 57. Kg2 b5 58. Qa1 Kf5 59. Qa6 Kf4 60. Qc8 Ke3 61. Qa6 Kd3 62. Qa5 Qg3+ 63. Kh1 Qf3+ ({Stronger than} 63... h3 64. Qd8+ Kxc3 65. Qa5+ b4 66. Qxb4+ Kd3 67. Qxc4+ Kxc4 $11) 64. Kg1 h3 65. Qd8+ {[%emt 0:00:16] Artfully played by Grigoryan.   Weighted Error Value: White=0.66/Black=0.31} 0-1